 Dungeon Crawl Stone Soup version 0.18-a0-373-gaf408bd (webtiles) character file.

14291 FishmanTm the Nimble (level 12, -5/95 HPs)
             Began as a Merfolk Transmuter on Nov 29, 2015.
             Was a High Priest of Cheibriados.
             Engulfed by a cloud of flame (53 damage)
             ... in a volcano.
             The game lasted 00:32:28 (14755 turns).

FishmanTm the Nimble (Merfolk Transmuter)          Turns: 14755, Time: 00:32:29

Health: -5/95      AC:  4    Str: 25    XL:     12   Next: 15%
Magic:  30/30      EV: 25    Int: 28    God:    Cheibriados [*****.]
Gold:   123        SH:  0    Dex: 27    Spells: 5 memorised, 1 level left

rFire  . . .     SeeInvis .       - Unarmed
rCold  + . .     Clarity  .     O - +0 troll leather armour
rNeg   + . .     SustAt   .     (no shield)
rPois  +         Gourm    .     (no helmet)
rElec  .         Spirit   .     (no cloak)
rCorr  .         Warding  .     (no gloves)
rMut   .         Stasis   .     (no boots)
MR     .....                    (no amulet)
Stlth  ++........               K - ring of Nasasots {rPois rN+ MP+9 Str+2}
                                G - ring of protection from cold

@: very slow, not resistant to hostile enchantments, unstealthy
A: change form in water, swift swim
a: Bend Time, Temporal Distortion, Slouch, Step From Time, Renounce Religion


You were in a volcano.
You worshipped Cheibriados.
Cheibriados was extremely pleased with you.
You were not hungry.

You visited 3 branches of the dungeon, and saw 15 of its levels.
You also visited: Volcano.

You collected 968 gold pieces.
You spent 845 gold pieces at shops.

Inventory:

Missiles
 a - 179 arrows
 u - 8 arrows of flame
Armour
 O - a +0 troll leather armour (worn)
Jewellery
 D - an uncursed ring of positive energy
 G - a ring of protection from cold (left hand)
 K - the ring of Nasasots (right hand) {rPois rN+ MP+9 Str+2}
   (You took it off an orc wizard on level 10 of the Dungeon)

   [ring of poison resistance]

   It affects your strength (+2).
   It protects you from poison.
   It protects you from negative energy.
   It affects your magic capacity (+9).
Wands
 c - a wand of polymorph (8)
 q - a wand of confusion (32)
 r - a wand of fire (2)
Scrolls
 b - a scroll of brand weapon {unknown}
 d - 4 scrolls of identify
 e - a scroll of fear {unknown}
 h - 5 scrolls of remove curse
 i - a scroll of immolation {unknown}
 j - 4 scrolls of teleportation
 o - 3 scrolls of recharging
 y - a scroll of blinking {unknown}
 E - a scroll of magic mapping
 I - a scroll of silence {unknown}
Potions
 f - 2 potions of might
 k - 2 potions of flight
 m - a potion of lignification
 s - a potion of cancellation
 t - 2 potions of ambrosia
 z - 3 potions of heal wounds
 A - 4 potions of curing
 B - 2 potions of agility
 J - 2 potions of haste {unknown}
 L - 2 potions of brilliance {unknown}
Books
 g - a book of Necromancy

   Spells                             Type                      Level
   a - Pain                           Necromancy                   1
   b - Animate Skeleton               Necromancy                   1
   c - Vampiric Draining              Necromancy                   3
   d - Regeneration                   Charms/Necromancy            3
   e - Animate Dead                   Necromancy                   4
   f - Control Undead                 Necromancy                   4
Comestibles
 n - 11 meat rations
 p - 2 slices of pizza
 w - 2 fruits
 x - 14 bread rations
 C - 9 beef jerkies


   Skills:
 - Level 9.0 Fighting
 - Level 2.1 Armour
 - Level 11.3 Dodging
 - Level 9.5 Unarmed Combat
 - Level 6.3 Spellcasting
 - Level 10.4 Transmutations
 + Level 2.0 Earth Magic
 - Level 4.9 Invocations
 - Level 5.2 Evocations


You had one spell level left.
You knew the following spells:

 Your Spells              Type           Power        Failure   Level  Hunger
a - Statue Form           Trmt/Erth      #####....    83%         6    ######.
b - Sticks to Snakes      Trmt           ######..     1%          2    None
d - Ice Form              Ice/Trmt       #####...     10%         4    ###....
e - Blade Hands           Trmt           ######....   2%          5    #####..
f - Phase Shift           Tloc           #.........   99%         5    #####..


Dungeon Overview and Level Annotations

Branches:
Dungeon (13/15)            Temple (1/1) D:7            Lair (1/8) D:10
    Orc (0/4) D:9
 Vaults: D:13-14

Altars:
Ashenzari
Cheibriados
Dithmenos
Elyvilon
Fedhas
Gozag
Kikubaaqudgha
Makhleb
Nemelex Xobeh
Okawaru
Qazlal
Ru
Sif Muna
Trog
Vehumet
Xom
Yredelemnul
Zin
The Shining One
Beogh

Shops:
D:7 *   D:10 [   D:12 :


Message History

You closely miss the lava snake. You hit the lava snake.
The lava snake is moderately wounded.
The lava snake completely misses you.
You punch the lava snake!
The lava snake is almost dead.
The lava snake bites you.
You are engulfed in flames.
You punch the lava snake!
You kill the lava snake!
Cheibriados appreciates the change of pace.
No target in view!
No target in view!
No target in view!
The air gets thick with the scent of sulphur.
The volcano roars to life, belching forth lava!
You are engulfed in roaring flames.
You are engulfed in roaring flames.
You are engulfed in roaring flames.
Ouch! That really hurt!
You die...

##### ### ####...###§##
#......§...§####
.......§.§§.§§.##
.......§.§.§§§§.##
≈§≈≈≈§≈§§§..§....##
≈≈≈§≈≈§§§§≈...§...#####
§≈≈§§§≈§≈≈≈≈§≈≈§§.....#
≈≈≈≈≈≈§§§§≈≈≈§≈§@....##
§≈≈§§§≈§≈≈≈≈§§§§≈.....#
≈≈≈§≈≈≈§≈§≈§§≈§§........
≈≈§§≈§≈§§≈§≈§§§.......##
≈.§§≈§ §§§§≈≈§..§...###
§§§≈§§§§.....
§§§≈§.§.....#
≈≈≈≈≈≈≈.....#


There were no monsters in sight!

Vanquished Creatures
  A hydra (D:11)
  The ghost of 4thArraOfDagon the Basher, a novice OgHu of Cheibriados (D:12)
  2 ugly things (D:12)
  A cyclops (D:13)
  A centaur zombie (D:12)
  A fire drake (Lair:1)
  4 trolls
  2 two-headed ogres
  A vampire (D:12)
  Sigmund (D:4)
  12 yaks
  A deep elf mage (D:9)
  3 wyverns
  A hippogriff (Lair:1)
  2 hungry ghosts
  Menkaure (D:6)
  A soldier ant (D:10)
  A water moccasin (D:7)
  Duvessa (D:7)
  2 orc warriors
  A black bear (D:8)
  A wasp (D:12)
  5 sky beasts
  6 ice beasts
  4 phantoms
  2 necrophages
  9 ogres
  3 centaurs
  2 crocodiles (Lair:1)
  A big kobold (D:9)
  8 giant frogs
  Dowan (D:7)
  A gnoll sergeant (D:12)
  7 scorpions
  4 wights (D:10)
  14 killer bees
  6 crimson imps
  2 giant frog zombies
  6 jellies
  2 lava snakes (Volcano)
  3 giant frog skeletons
  6 hounds
  11 orc wizards
  8 orc priests
  Jessica (D:3)
  A centaur skeleton (D:9)
  Terence (D:2)
  5 worker ants
  An iguana (D:12)
  A killer bee zombie (D:10)
  2 worker ant zombies
  9 gnolls
  11 adders
  3 shadow imps
  8 river rats (Lair:1)
  2 worms
  5 giant geckos
  66 orcs
  9 bats
  5 giant cockroaches
  5 goblins
  5 hobgoblins
  5 jackals
  20 kobolds
  A ball python (D:1)
  2 giant gecko skeletons
  2 giant newts (D:3)
  A jackal skeleton (D:8)
  4 quokkas
  5 rats
333 creatures vanquished.

Vanquished Creatures (collateral kills)
  An adder (D:6)
  An adder skeleton (D:4)
  An orc (D:4)
  A bat (D:1)
  A jackal skeleton (D:4)
  A kobold (D:1)
  A rat (D:3)
7 creatures vanquished.

Vanquished Creatures (others)
  A bush (Lair:1)
  A fungus (Lair:1)
2 creatures vanquished.

Grand Total: 342 creatures vanquished

Notes
Turn   | Place    | Note
--------------------------------------------------------------
     0 | D:1      | FishmanTm the Merfolk Transmuter began the quest for the Orb.
     0 | D:1      | Reached XP level 1. HP: 15/15 MP: 3/3
   258 | D:1      | Reached XP level 2. HP: 20/22 MP: 3/5
   265 | D:1      | Learned a level 2 spell: Sticks to Snakes
  1243 | D:2      | Reached XP level 3. HP: 19/29 MP: 4/6
  1470 | D:2      | Noticed Terence
  1796 | D:2      | Learned a level 3 spell: Spider Form
  1929 | D:2      | Killed Terence
  1929 | D:2      | Reached skill level 4 in Unarmed Combat
  1929 | D:2      | Reached XP level 4. HP: 18/35 MP: 4/7
  2936 | D:3      | Noticed Jessica
  2941 | D:3      | Killed Jessica
  2941 | D:3      | Reached skill level 5 in Unarmed Combat
  2958 | D:3      | Reached XP level 5. HP: 29/41 MP: 2/8
  3593 | D:4      | Noticed Sigmund
  3873 | D:4      | Noticed a phantom
  3908 | D:4      | Killed a phantom
  3908 | D:4      | Reached skill level 1 in Evocations
  4006 | D:4      | Reached XP level 6. HP: 38/47 MP: 0/9
  4534 | D:4      | Killed Sigmund
  4534 | D:4      | Reached skill level 5 in Transmutations
  4534 | D:4      | Reached XP level 7. HP: 52/52 MP: 7/10
  4649 | D:4      | Reached skill level 6 in Unarmed Combat
  5210 | D:5      | Entered Level 5 of the Dungeon
  5376 | D:5      | Reached skill level 7 in Unarmed Combat
  5518 | D:5      | Reached XP level 8. HP: 27/58 MP: 4/11
  6040 | D:5      | Found a radiant altar of Vehumet.
  6305 | D:5      | Reached skill level 8 in Unarmed Combat
  6335 | D:5      | Reached skill level 5 in Evocations
  7149 | D:6      | Reached skill level 9 in Unarmed Combat
  7274 | D:6      | Noticed Menkaure
  7289 | D:6      | Killed Menkaure
  7289 | D:6      | Reached XP level 9. HP: 62/65 MP: 7/12
  8070 | D:7      | Found a staircase to the Ecumenical Temple.
  8084 | Temple   | Entered the Ecumenical Temple
  8246 | D:7      | Reached skill level 5 in Dodging
  8449 | D:7      | Found Zin's Purification Station.
  8451 | D:7      | Found a glowing silver altar of Zin.
  8671 | D:7      | Reached skill level 5 in Fighting
  9170 | D:7      | Noticed Dowan
  9171 | D:7      | Noticed Duvessa
  9188 | D:7      | Killed Duvessa
  9188 | D:7      | Reached XP level 10. HP: 71/79 MP: 10/13
  9192 | D:7      | Killed Dowan
  9214 | D:7      | Found a sacrificial altar of Ru.
 10966 | D:9      | Identified 2 scrolls of acquirement
 11000 | D:9      | Learned a level 4 spell: Ice Form
 11048 | D:9      | Found a snail-covered altar of Cheibriados.
 11062 | D:9      | Became a worshipper of Cheibriados the Contemplative
 11071 | D:9      | Reached skill level 1 in Armour
 11121 | D:9      | Found a roughly hewn altar of Beogh.
 11121 | D:9      | Found a staircase to the Orcish Mines.
 11292 | D:9      | Reached * piety under Cheibriados
 11442 | D:9      | Reached skill level 1 in Invocations
 11625 | D:9      | Reached ** piety under Cheibriados
 12034 | D:10     | Entered Level 10 of the Dungeon
 12060 | D:9      | Reached *** piety under Cheibriados
 12191 | D:10     | Reached XP level 11. HP: 82/89 MP: 11/15
 12198 | D:10     | Learned a level 5 spell: Blade Hands
 12420 | D:10     | Found a staircase to the Lair.
 12443 | D:10     | Got a warped lead ring
 12488 | D:10     | Found Koerghunk's Antique Armour Shop.
 12721 | D:10     | Reached **** piety under Cheibriados
 12721 | D:10     | Reached skill level 5 in Spellcasting
 12766 | D:10     | Learned a level 5 spell: Phase Shift
 12771 | D:10     | Identified the ring of Nasasots {rPois rN+ MP+9 Str+2} (You took it off an orc wizard on level 10 of the Dungeon)
 12851 | D:11     | Noticed a four-headed hydra
 12866 | D:11     | Killed a four-headed hydra
 12866 | D:11     | Reached skill level 10 in Dodging
 13229 | D:11     | Reached skill level 11 in Dodging
 13563 | D:12     | Noticed 4thArraOfDagon's ghost (novice OgHu)
 13570 | D:12     | Killed 4thArraOfDagon's ghost
 13576 | D:12     | Reached ***** piety under Cheibriados
 13676 | D:12     | Reached skill level 10 in Transmutations
 13838 | D:12     | Found Uwem's Book Shoppe.
 13908 | D:12     | Bought a book of the Earth for 845 gold pieces
 13928 | D:12     | Reached XP level 12. HP: 67/95 MP: 20/20
 13956 | D:12     | Learned a level 6 spell: Statue Form
 14270 | Lair:1   | Entered Level 1 of the Lair of Beasts
 14508 | Lair:1   | Reached skill level 1 in Earth Magic
 14678 | Lair:1   | Found a dark tunnel.
 14692 | Volcano  | Entered a volcano
 14755 | Volcano  | Engulfed by a cloud of flame

Vault maps used:
D:1:      dpeg_arrival_ternary
D:2:      minmay_crystal_water, uniq_terence
D:3:      kennysheep_big_flooded_room, kennysheep_generic_room_5, uniq_jessica
D:4:      kennysheep_generic_room_3, uniq_sigmund
D:5:      vehumet_crystals, first_bread
D:6:      minmay_misc_feat_roman, uniq_menkaure
D:7:      zin_purify, minmay_temple_entry_metal_lava,
          nicolae_ru_great_annihilating_truth, uniq_duvessa
D:8:      grunt_ogre_cave
D:9:      lemuel_round_altar, david_orc_5
D:10:     lair_0_dummy, serial_shops, nicolae_shop_statue_plus
D:12:     serial_glass, glass_columns_c, glass_columns_a, glass_columns_c,
          glass_columns_a, serial_shops, shop_statue
D:13:     grunt_vaults_entry_tiered, lemuel_centaur_altar
Temple:   nicolae_temple_elliptical
Lair:1:   enter_volcano_3, st_stairs_8
Volcano:  volcano_lake

Action                   |  1- 3 |  4- 6 |  7- 9 | 10-12 || total
-------------------------+-------+-------+-------+-------++-------
Melee: Unarmed           |   122 |   136 |   288 |   518 ||  1064
 Cast: Beastly Appendage |    25 |    11 |     1 |     1 ||    38
       Sticks to Snakes  |     6 |     4 |     8 |    11 ||    29
       Spider Form       |       |    10 |    42 |    34 ||    86
       Blade Hands       |       |       |       |    22 ||    22
       Ice Form          |       |       |       |     4 ||     4
Invok: Temporal Distorti |       |       |       |     1 ||     1
 Abil: End Transformatio |       |       |     1 |     5 ||     6
Evoke: Wand              |       |     1 |    12 |       ||    13
  Use: Scroll            |       |     4 |    11 |    11 ||    26
       Potion            |       |     1 |     2 |     1 ||     4
 Stab: Confused          |       |       |     3 |       ||     3
       Sleeping          |       |       |     1 |     3 ||     4
       Invisible         |       |       |       |     1 ||     1
       Paralysed         |       |       |       |     1 ||     1
  Eat: Chunk             |     3 |     4 |    17 |    28 ||    52
       Bread ration      |       |     1 |       |       ||     1
       Beef jerky        |       |     2 |       |       ||     2
       Meat ration       |       |       |     1 |       ||     1
